 Dungeon Crawl Stone Soup version 0.26-a0-863-g3bff4b215c (webtiles) character file.

Game seed: 4526263225705297121

153091 kazak the Cryomancer (level 18, 0/133 HPs)
             Began as a Formicid Ice Elementalist on Nov 24, 2020.
             Was an Elder of Sif Muna.
             Slain by a ghost moth (14 damage)
             ... on level 3 of the Spider Nest on Nov 25, 2020.
             The game lasted 01:14:56 (34804 turns).

kazak the Cryomancer (Formicid Ice Elementalist)   Turns: 34804, Time: 01:14:56

Health: 0/133      AC:  7    Str: 14      XL:     18   Next: 22%
Magic:  0/46       EV: 12    Int: 21 (22) God:    Sif Muna [****..]
Gold:   3007       SH: 11    Dex: 12 (13) Spells: 21/47 levels left

rFire    x . .     SeeInvis +   b - +2 demon whip (elec)
rCold    + . .     Faith    .   O - +0 kite shield {reflect}
rNeg     + . .     Spirit   .   K - +1 leather armour of Immorality {rF+ rCorr}
rPois    .         Reflect  +   (helmet unavailable)
rElec    .         Harm     .   p - +1 cloak
rCorr    +         Rampage  .   g - +0 pair of gloves
MR       +....                  (no boots)
Stlth    ++........             A - amulet "Lahy" {Acrobat rF- rN+ MP+9 Dex+2}
HPRegen  0.32/turn              C - ring of ice
MPRegen  0.30/turn              B - ring of wizardry

@: lethally poisoned (0 -> -49), no potions, studying Maces & Flails
A: permanent stasis, dig shafts and tunnels, four strong arms, antennae 3
a: Dig, Shaft Self, Channel Magic, Forget Spell, Divine Exegesis, Renounce
Religion


You were on level 3 of the Spider Nest.
You worshipped Sif Muna.
Sif Muna was greatly pleased with you.
You visited 5 branches of the dungeon, and saw 27 of its levels.
You also visited: Ossuary.

You collected 3223 gold pieces.
You spent 216 gold pieces at shops.

Inventory:

Hand Weapons
 b - a +2 demon whip of electrocution (weapon)
Missiles
 F - 4 curare-tipped darts (quivered)
Armour
 g - a +0 pair of gloves (worn)
 p - a +1 cloak (worn)
 x - the +3 leather armour of the Farrier {-Tele rN+ Regen+ Int+4}
   (You found it on level 1 of the Lair of Beasts)

   It affects your intelligence (+4).
   It protects you from negative energy.
   It prevents most forms of teleportation.
   It increases your rate of regeneration.
 K - the +1 leather armour of Immorality (worn) {rF+ rCorr}
   (You found it on level 4 of the Lair of Beasts)

   It protects you from fire.
   It provides partial protection from all sources of acid and corrosion.
 N - a +2 robe of magic resistance
 O - a +0 kite shield of reflection (worn)
Magical Staves
 a - an uncursed staff of cold
 z - an uncursed staff of poison
Jewellery
 j - an uncursed amulet of magic regeneration
 l - an uncursed ring of protection from magic
 A - the amulet "Lahy" (around neck) {Acrobat rF- rN+ MP+9 Dex+2}
   (You acquired it on level 3 of the Lair of Beasts)

   [amulet of the acrobat]

   It helps you evade while moving and waiting.
   It affects your dexterity (+2).
   It makes you vulnerable to fire.
   It protects you from negative energy.
   It affects your magic capacity (+9).
 B - a ring of wizardry (right hand)
 C - a ring of ice (left hand)
 D - a +4 ring of evasion
 H - an uncursed ring of magical power
 R - an uncursed ring of positive energy {unknown}
Wands
 f - a wand of paralysis (5)
 E - a wand of polymorph (3)
 G - a wand of disintegration (19)
 I - a wand of flame (72)
 L - a wand of digging (5)
 M - a wand of iceblast (25)
 Q - a wand of acid (14)
Scrolls
 c - 4 scrolls of magic mapping
 e - 16 scrolls of remove curse
 t - 4 scrolls of enchant armour
 u - a scroll of fog
 v - 7 scrolls of amnesia
 y - a scroll of immolation
 J - 8 scrolls of identify
Potions
 d - 5 potions of might
 h - 4 potions of mutation
 i - 2 potions of lignification
 k - 7 potions of flight
 m - 11 potions of heal wounds
 n - a potion of brilliance
 o - a potion of invisibility {unknown}
 q - 12 potions of curing
 r - a potion of ambrosia
 s - 3 potions of resistance
 w - 3 potions of magic
 S - 3 potions of cancellation
Books
 P - a manual of Maces & Flails


   Skills:
 - Level 9.5 Fighting
 - Level 1.7 Dodging
 - Level 2.4 Stealth
 - Level 10.0 Shields
 - Level 15.0 Spellcasting
 + Level 21.4 Ice Magic
 - Level 10.5 Invocations


You had 21 spell levels left.
You knew the following spells:

 Your Spells              Type           Power        Failure   Level
a - Ozocubu's Refrigerat  Ice            ########..   1%          6
b - Absolute Zero         Ice            ########..   28%         9
c - Ozocubu's Armour      Ice            ########     0%          3
d - Summon Ice Beast      Ice/Summ       ######..     1%          4
e - Freeze                Ice            ####         0%          1
f - Frozen Ramparts       Ice            ######       0%          3

Your spell library contained the following spells:

 Spells                   Type           Power        Failure   Level
 Animate Skeleton         Necr           ###...       1%          1
 Apportation              Tloc           ###...       1%          1
 Corona                   Hex            ###....      1%          1
 Foxfire                  Conj/Fire      ###.         1%          1
 Magic Dart               Conj           ###.         1%          1
 Pain                     Necr           ###.         1%          1
 Shock                    Conj/Air       ###.         1%          1
 Sting                    Tmut/Pois      ###.         1%          1
 Summon Small Mammal      Summ           ###.         1%          1
 Ensorcelled Hibernation  Hex/Ice        ######       1%          2
 Hailstorm                Conj/Ice       ######..     1%          4
 Ice Form                 Ice/Tmut       ######..     1%          4
 Metabolic Englaciation   Hex/Ice        ######....   1%          5
 Corpse Rot               Necr/Air       N/A          3%          2
 Passwall                 Tmut/Erth      ###.....     3%          2
 Poisonous Vapours        Pois/Air       ###...       3%          2
 Simulacrum               Ice/Necr       ######....   4%          6
 Confusing Touch          Hex            ###.....     6%          3
 Conjure Flame            Conj/Fire      ###.....     6%          3
 Gell's Gravitas          Tloc           ###.......   6%          3
 Ignite Poison            Fire/Tmut/Pois ###.....     6%          3
 Lesser Beckoning         Tloc           ###.......   6%          3
 Mephitic Cloud           Conj/Pois/Air  ###.....     6%          3
 Portal Projectile        Hex/Tloc       ###...       6%          3
 Static Discharge         Conj/Air       ###.....     6%          3
 Stone Arrow              Conj/Erth      ###...       6%          3
 Summon Guardian Golem    Hex/Summ       ###.....     6%          3
 Teleport Other           Tloc           ###.....     6%          3
 Tukima's Dance           Hex            ###.....     6%          3
 Vampiric Draining        Necr           ###.......   6%          3
 Freezing Cloud           Conj/Ice/Air   ######....   16%         6
 Airstrike                Air            ###.......   19%         4
 Animate Dead             Necr           ###.......   19%         4
 Cause Fear               Hex            ###.......   19%         4
 Iskenderun's Mystic Bla  Conj/Tloc      ###.....     19%         4
 Leda's Liquefaction      Hex/Erth       ###.......   19%         4
 Olgreb's Toxic Radiance  Pois           ###.....     19%         4
 Passage of Golubria      Tloc           N/A          19%         4
 Petrify                  Tmut/Erth      ###.....     19%         4
 Sticky Flame             Conj/Fire      ###.....     19%         4
 Agony                    Necr           ###.....     45%         5
 Bolt of Magma            Conj/Fire/Erth ###.......   45%         5
 Irradiate                Conj/Tmut      ###.......   45%         5
 Iskenderun's Battlesphe  Conj           ###.....     45%         5
 Lee's Rapid Deconstruct  Erth           ###.......   45%         5
 Lightning Bolt           Conj/Air       ###.......   45%         5
 Silence                  Hex/Air        ###.......   45%         5
 Summon Forest            Summ/Tloc      ###.......   45%         5
 Yara's Violent Unravell  Hex/Tmut       ###.......   45%         5
 Conjure Ball Lightning   Conj/Air       ###.......   95%         6
 Dispersal                Tloc           ###.......   95%         6
 Eringya's Noxious Bog    Tmut/Pois      ###.......   95%         6
 Hydra Form               Tmut           ###.......   95%         6
 Invisibility             Hex            ###.....     95%         6
 Iron Shot                Conj/Erth      ###.......   95%         6
 Starburst                Conj/Fire      ###.......   95%         6
 Statue Form              Tmut/Erth      ###......    95%         6
 Orb of Destruction       Conj           ###.......   100%        7
 Spellforged Servitor     Conj/Summ      ###.......   100%        7
 Summon Hydra             Summ           ###.......   100%        7
 Chain Lightning          Conj/Air       ###.......   100%        8
 Discord                  Hex            ###.......   100%        8
 Disjunction              Tloc           ###.......   100%        8
 Lehudib's Crystal Spear  Conj/Erth      ###.......   100%        8
 Fire Storm               Conj/Fire      ###.......   100%        9
 Shatter                  Erth           ###.......   100%        9
 Blink                    Tloc           Unusable     N/A         2
 Swiftness                Air            Unusable     N/A         2

Dungeon Overview and Level Annotations

Branches:
Dungeon (15/15)            Temple (1/1) D:5            Lair (6/6) D:11
 Shoals (0/4) Lair:4       Spider (3/4) Lair:3        Slime (0/5) Lair:6
    Orc (2/2) D:11            Elf (0/3) Orc:2        Vaults (0/5) D:14
 Depths (0/5) D:15        Ossuary (visited)

Altars:
Ashenzari
Cheibriados
Dithmenos
Elyvilon
Fedhas
Gozag
Hepliaklqana
Kikubaaqudgha
Makhleb
Nemelex Xobeh
Okawaru
Qazlal
Ru
Sif Muna
Trog
Uskayaw
Vehumet
Wu Jian
Xom
Yredelemnul
Zin
The Shining One
Beogh
Lugonu

Shops:
D:4 :   D:12 !   D:15 (   Orc:2 }!(!

Annotations:
D:3 Blork the orc
D:4 3 runed translucent doors, belegose's ghost, novice GnDe
D:5 2 runed translucent doors, DocClef's ghost, weakling GnDe
D:10 3 runed translucent doors, dickylongcocking's ghost, novice MiFi
D:14 7 runed translucent doors
D:15 1 runed translucent door, exclusion: orange crystal statue
Orc:2 1 runed translucent door, exclusion: 2 doors, stormannnn's ghost, journeyman MiFi


Innate Abilities, Weirdness & Mutations

You cannot be hasted, slowed, berserked, paralysed or teleported.
You can dig through walls and to a lower floor.
Your four strong arms can wield two-handed weapons with a shield.
You have a pair of large antennae on your head. (SInv)


Message History

Throwing (i - inventory)
F - 5 curare-tipped darts (quivered)
Press: ? - help, Shift-Dir - straight line, f - ghost moth
Aim: a ghost moth (severely wounded, slightly transparent)
You throw a curare-tipped dart.
The curare-tipped dart hits the ghost moth.
The ghost moth is severely wounded.
* * * LOW HITPOINT WARNING * * *
You feel very sick. The ghost moth stares at you.
You feel your power leaking away. The ghost moth hits you!
* * * LOW HITPOINT WARNING * * *
The ghost moth hits you!
* * * LOW HITPOINT WARNING * * *
You feel clumsy. The ghost moth closely misses you.
The ghost moth stares at you.
You feel your power leaking away. The ghost moth hits you!
You die...

#.....#####.##
#......# #...###
.##.....###.....#
........#....#.###
..^..........###.#
..............#..#
.##....^.........## #
#
###.............#..###
........####.@.......
.......### #..y.......
###....## #†.........
###.# ..........#.
..†........#
............##
.......^...##
†........###


You could see a ghost moth (invisible).

Vanquished Creatures
  Arachne (Spider:2)
  Rupert (D:14)
  The ghost of Oxemneri the Warrior, an adept OgTm of Okawaru (Spider:2)
  Asterion (Spider:2)
  Frances (Spider:1)
  Kirke (D:13)
  Roxanne (Spider:2)
  A ghost moth (Spider:1)
  An orc warlord (Orc:2)
  2 emperor scorpions
  2 entropy weavers
  2 spark wasps (Spider:3)
  Josephine (D:13)
  Snorg (D:12)
  A fire dragon (D:15)
  3 boulder beetles
  3 catoblepae
  10 hydras
  4 centaur warriors (D:14)
  A dancing weapon (Spider:2)
  3 ogre magi (Orc:2)
  4 tengu warriors (D:14)
  6 two-headed ogres
  2 unseen horrors
  Nergalle (Orc:2)
  7 skeletal warriors (D:13)
  A lindwurm (Lair:2)
  A wizard (D:14)
  3 orc knights
  20 wolf spiders
  10 orb spiders
  5 oklob plants
  4 deep elf magi
  6 orc sorcerers (Orc:2)
  5 cyclopes
  A manticore (D:14)
  A salamander (shapeshifter) (D:15)
  7 ugly things
  A guardian serpent (Lair:6)
  A moth of wrath (Spider:3)
  9 black mambas
  A gargoyle (D:14)
  14 cane toads
  7 komodo dragons
  An efreet (D:14)
  A freezing wraith (D:14)
  8 demonic crawlers
  A kobold demonologist (D:12)
  A rime drake (Lair:6)
  2 tengu conjurers
  17 jumping spiders
  A wind drake (shapeshifter) (D:14)
  6 hornets
  9 meliai
  17 slime creatures
  Prince Ribbit (D:6)
  11 trolls
  Grinder (D:6)
  A dream sheep (shapeshifter) (D:13)
  6 polar bears
  A harpy skeleton (D:15)
  3 blink frogs (Lair:6)
  6 dream sheep (Lair:6)
  Sigmund (D:6)
  A shadow (D:11)
  53 redbacks
  4 basilisks
  28 tarantellas
  6 wraiths
  45 yaks
  12 wyverns
  A hog (shapeshifter) (D:12)
  16 humans (D:14)
  A steam dragon (Lair:4)
  5 hogs (D:13)
  Menkaure (D:5)
  3 vampire mosquitoes
  Edmund (D:5)
  A warg (Orc:1)
  2 acid dragons
  2 soldier ants
  30 water moccasins
  A floating eye (shapeshifter) (D:14)
  27 orc warriors
  8 sky beasts
  2 eyes of draining
  A necrophage (D:9)
  A phantom (D:12)
  6 black bears
  18 wolves
  14 ogres
  9 centaurs
  3 big kobolds (D:9)
  23 bullfrogs
  2 wyvern skeletons
  3 scorpions
  21 wights
  3 electric eels (Spider:2)
  A vampire bat (D:6)
  11 howler monkeys
  2 bullfrog zombies
  5 centaur zombies
  17 jellies
  6 bullfrog skeletons
  5 hounds
  13 orc priests
  4 centaur skeletons
  Crazy Yiuf (D:3)
  9 iguanas
  Ijyb (D:5)
  4 hell rats (Lair:6)
  35 orc wizards
  17 worker ants
  4 hound zombies
  A howler monkey zombie (D:5)
  16 adders
  A shadow imp (D:5)
  2 white imps
  3 ufetubi
  An ooze (Lair:6)
  2 adder skeletons
  3 adder zombies
  5 worms
  3 dart slugs
  3 leopard geckos
  93 orcs
  2 ball pythons (D:1)
  4 bats
  3 bat skeletons (D:6)
  3 bat zombies (D:6)
  10 giant cockroaches
  12 goblins
  11 hobgoblins
  9 jackals
  11 kobolds
  6 quokkas
  2 frilled lizards
  A hobgoblin skeleton (Ossuary)
  A hobgoblin zombie (Ossuary)
  2 kobold zombies (Ossuary)
  2 leopard gecko skeletons
  An orc skeleton (Ossuary)
  An orc zombie (D:7)
  A quokka skeleton (D:8)
  12 rats
970 creatures vanquished.

Vanquished Creatures (collateral kills)
  A hydra (Lair:2)
  3 centaur zombies
  A centaur skeleton (D:13)
  A rime drake (Lair:3)
  3 polar bears
  A harpy skeleton (D:14)
  An ice beast (D:14)
  2 wyvern zombies
  A bullfrog zombie (D:12)
14 creatures vanquished.

Vanquished Creatures (others)
  3 blocks of ice (Spider:2)
  69 fungi
  124 plants
196 creatures vanquished.

Grand Total: 1180 creatures vanquished

Notes
Turn   | Place    | Note
-------+----------+-------------------------------------------
     0 | D:1      | kazak the Formicid Ice Elementalist began the quest for the
                  | Orb.
     0 | D:1      | Reached XP level 1. HP: 13/13 MP: 3/3
   382 | D:1      | Reached XP level 2. HP: 19/19 MP: 3/5
   696 | D:1      | Reached XP level 3. HP: 15/24 MP: 0/6
   808 | D:1      | Learned a level 3 spell: Frozen Ramparts
  1034 | D:1      | Reached skill level 5 in Ice Magic
  1602 | D:2      | Found a stormy altar of Qazlal.
  1839 | D:2      | Reached XP level 4. HP: 30/30 MP: 3/7
  2585 | D:3      | Found a basalt altar of Yredelemnul.
  2992 | D:3      | Found a runed translucent door.
  2993 | D:3      | Noticed Crazy Yiuf
  3039 | D:3      | Killed Crazy Yiuf
  3040 | D:3      | Reached skill level 6 in Ice Magic
  3040 | D:3      | Reached XP level 5. HP: 18/35 MP: 0/8
  4137 | D:3      | Noticed Blork the orc
  4394 | D:4      | Found a hide-covered altar of Uskayaw.
  4598 | D:4      | Reached XP level 6. HP: 41/41 MP: 7/9
  4692 | D:4      | Reached skill level 7 in Ice Magic
  4826 | D:4      | Found a runed translucent gate.
  4827 | D:4      | Found a runed translucent gate.
  5048 | D:4      | Found a runed translucent gate.
  5091 | D:4      | Learned a level 3 spell: Ozocubu's Armour
  5227 | D:4      | Found an iron altar of Okawaru.
  5297 | D:4      | Found Qept's Book Shop.
  5312 | D:4      | Found a burning altar of Makhleb.
  5313 | D:4      | Noticed a green death
  5366 | D:4      | Noticed belegose's ghost (novice GnDe)
  5528 | D:5      | Entered Level 5 of the Dungeon
  5782 | D:5      | Found a glowing silver altar of Zin.
  5782 | D:5      | Noticed Edmund
  5809 | D:5      | Killed Edmund
  5810 | D:5      | Reached skill level 8 in Ice Magic
  5810 | D:5      | Reached XP level 7. HP: 32/46 MP: 4/10
  6042 | D:5      | Found a staircase to the Ecumenical Temple.
  6049 | Temple   | Entered the Ecumenical Temple
  6154 | D:5      | Noticed Menkaure
  6201 | D:5      | Found a large runed translucent door.
  6201 | D:5      | Found a large runed translucent door.
  6202 | D:5      | Noticed Ijyb
  6315 | D:5      | Killed Ijyb
  6504 | D:5      | Noticed DocClef's ghost (weakling GnDe)
  6711 | D:6      | Noticed Prince Ribbit
  6723 | D:6      | Noticed Grinder
  6927 | D:6      | Killed Prince Ribbit
  6928 | D:6      | Reached skill level 5 in Spellcasting
  6928 | D:6      | Reached XP level 8. HP: 31/52 MP: 5/15
  6948 | D:5      | HP: 2/52 [shadow imp/nerve-wracking pain (14)]
  6954 | D:5      | HP: 1/52 [shadow imp/nerve-wracking pain (2)]
  7464 | D:6      | Killed Grinder
  7632 | D:6      | Found a radiant altar of Vehumet.
  7876 | D:6      | Found a sacrificial altar of Ru.
  7988 | D:6      | Noticed Sigmund
  7990 | D:6      | Found an ancient bone altar of Kikubaaqudgha.
  8013 | D:6      | Reached skill level 1 in Shields
  8015 | D:6      | Killed Sigmund
  8016 | D:6      | Reached XP level 9. HP: 48/57 MP: 14/19
  8278 | D:6      | Reached skill level 5 in Shields
  8426 | D:7      | Found a sand-covered staircase.
  8442 | Ossuary  | Entered an ossuary
  9692 | D:7      | Found a blossoming altar of Fedhas.
  9757 | D:7      | Found a shimmering altar of Xom.
  9943 | D:7      | Reached XP level 10. HP: 58/63 MP: 17/20
  9986 | D:7      | Reached skill level 10 in Shields
 10064 | D:7      | Found a sparkling altar of Nemelex Xobeh.
 10183 | D:7      | Found a broken altar of Ashenzari.
 10367 | D:8      | Reached skill level 1 in Fighting
 10638 | D:8      | Found a shadowy altar of Dithmenos.
 10891 | D:8      | Found a bloodstained altar of Trog.
 10952 | D:8      | Found a roughly hewn altar of Beogh.
 11377 | D:3      | Found a shimmering blue altar of Sif Muna.
 11380 | D:3      | Became a worshipper of Sif Muna the Loreminder
 11457 | D:5      | Killed Menkaure
 11458 | D:5      | Reached skill level 5 in Fighting
 12088 | D:9      | Reached * piety under Sif Muna
 13070 | D:9      | Reached XP level 11. HP: 87/89 MP: 16/21
 13184 | D:9      | Reached skill level 1 in Invocations
 13385 | D:9      | Learned a level 4 spell: Summon Ice Beast
 13403 | D:10     | Entered Level 10 of the Dungeon
 13627 | D:10     | Reached ** piety under Sif Muna
 13798 | D:10     | Reached skill level 5 in Invocations
 14093 | D:10     | Noticed a two-headed ogre
 14108 | D:10     | Killed a two-headed ogre
 14348 | D:10     | Found a sparkling altar of Nemelex Xobeh.
 14376 | D:10     | Found a runed translucent gate.
 14377 | D:10     | Found a runed translucent gate.
 14377 | D:10     | Found a runed translucent gate.
 14398 | D:10     | Noticed dickylongcocking's ghost (novice MiFi)
 14439 | D:11     | Found a staircase to the Lair.
 14627 | D:11     | Noticed a boulder beetle
 14638 | D:11     | Reached *** piety under Sif Muna
 14642 | D:11     | Killed a boulder beetle
 14643 | D:11     | Reached skill level 10 in Invocations
 14960 | D:11     | Reached XP level 12. HP: 90/96 MP: 14/22
 14980 | D:11     | Reached skill level 9 in Ice Magic
 15408 | D:11     | Found a staircase to the Orcish Mines.
 15423 | D:11     | Reached skill level 10 in Ice Magic
 15511 | D:11     | Found a roughly hewn altar of Beogh.
 15658 | D:11     | Reached skill level 11 in Ice Magic
 15859 | Lair:1   | Entered Level 1 of the Lair of Beasts
 15997 | Lair:1   | Reached **** piety under Sif Muna
 16117 | Lair:1   | Got a crude leather armour
 16252 | Lair:1   | Reached skill level 12 in Ice Magic
 16687 | Lair:1   | You fall into a shaft and drop 1 floor!
 16757 | Lair:2   | Noticed an eight-headed hydra
 16781 | Lair:2   | Killed an eight-headed hydra
 16782 | Lair:2   | Reached XP level 13. HP: 101/101 MP: 4/23
 16946 | Lair:2   | Reached skill level 13 in Ice Magic
 17211 | Lair:2   | Noticed an eight-headed hydra
 17223 | Lair:2   | Killed an eight-headed hydra
 17737 | Lair:1   | Identified the +3 leather armour of the Farrier {-Tele rN+
                  | Regen+ Int+4} (You found it on level 1 of the Lair of
                  | Beasts)
 17856 | Lair:2   | Reached skill level 14 in Ice Magic
 18421 | Lair:3   | Noticed a catoblepas
 18457 | Lair:3   | Killed a catoblepas
 18457 | Lair:3   | Reached ***** piety under Sif Muna
 18685 | Lair:3   | Learned a level 6 spell: Ozocubu's Refrigeration
 18688 | Lair:3   | Identified a scroll of acquirement
 18688 | Lair:3   | Acquired the amulet "Lahy" {Acrobat rF- rN+ MP+9 Dex+2}
 18732 | Lair:3   | Found a hole to the Spider Nest.
 19305 | Lair:3   | Identified Rumostru's Incunabulum of Cold and the Rocks
                  | (Sif Muna gifted it to you on level 3 of the Lair of
                  | Beasts)
 19305 | Lair:3   | Received a gift from Sif Muna
 19675 | Lair:4   | Reached skill level 15 in Ice Magic
 19772 | Lair:4   | Got a coiled iron ring
 19779 | Lair:4   | Identified the +1 leather armour of Immorality {rF+ rCorr}
                  | (You found it on level 4 of the Lair of Beasts)
 19796 | Lair:4   | Identified the ring of Fedhas's Respect {+Fly rN+ Int+5}
                  | (You found it on level 4 of the Lair of Beasts)
 19961 | Lair:4   | Found a stormy altar of Qazlal.
 20313 | Lair:4   | Noticed an eight-headed hydra
 20316 | Lair:4   | Killed an eight-headed hydra
 20450 | Lair:4   | Found a staircase to the Shoals.
 21012 | Lair:5   | Reached XP level 14. HP: 108/108 MP: 10/24
 21334 | Lair:5   | Reached skill level 16 in Ice Magic
 21384 | Lair:5   | Learned a level 9 spell: Absolute Zero
 21398 | Lair:6   | Entered Level 6 of the Lair of Beasts
 21736 | Lair:6   | Identified Sif Muna's Tome of Fetching Arcane Weapons (Sif
                  | Muna gifted it to you on level 6 of the Lair of Beasts)
 21736 | Lair:6   | Received a gift from Sif Muna
 22001 | Lair:6   | Reached skill level 17 in Ice Magic
 22475 | Lair:6   | Found a staircase to the Slime Pits.
 23318 | Orc:1    | Entered Level 1 of the Orcish Mines
 23427 | Orc:2    | Entered Level 2 of the Orcish Mines
 23429 | Orc:2    | Reached skill level 18 in Ice Magic
 23494 | Orc:2    | Found a runed translucent door.
 23499 | Orc:2    | Noticed stormannnn's ghost (journeyman MiFi)
 23509 | Orc:2    | Noticed an orc warlord
 23515 | Orc:2    | Killed an orc warlord
 23574 | Orc:2    | Found a staircase to the Elven Halls.
 23693 | Orc:2    | Found Seerch's Antique Weapon Shop.
 23697 | Orc:2    | Reached XP level 15. HP: 114/114 MP: 17/25
 23758 | Orc:2    | Found a radiant altar of Vehumet.
 23760 | Orc:2    | Received a gift from Sif Muna
 23772 | Orc:2    | Noticed Nergalle
 23774 | Orc:2    | Killed Nergalle
 23783 | Orc:2    | Found an ancient bone altar of Kikubaaqudgha.
 23808 | Orc:2    | Found Banam's Distillery.
 23876 | Orc:2    | Found Qummuism's Distillery.
 23876 | Orc:2    | Found a roughly hewn altar of Beogh.
 23889 | Orc:2    | Found Ykuogacu's Gadget Boutique.
 25452 | D:12     | Reached skill level 19 in Ice Magic
 25454 | D:12     | Identified Sif Muna's Incunabulum of Harmful Fire (Sif Muna
                  | gifted it to you on level 12 of the Dungeon)
 25454 | D:12     | Received a gift from Sif Muna
 25740 | D:12     | Noticed Snorg
 25746 | D:12     | Killed Snorg
 26256 | D:12     | Found Suepni's Distillery.
 26259 | D:12     | Bought a potion of heal wounds for 60 gold pieces
 26259 | D:12     | Bought a potion of heal wounds for 60 gold pieces
 26259 | D:12     | Bought a potion of cancellation for 96 gold pieces
 26542 | D:13     | Noticed Josephine
 26547 | D:13     | Killed Josephine
 26812 | D:13     | Noticed Kirke
 26821 | D:13     | Killed Kirke
 27588 | D:13     | Reached XP level 16. HP: 120/120 MP: 26/29
 28151 | D:14     | Found a gate to the Vaults.
 28151 | D:14     | Noticed Rupert
 28154 | D:14     | Reached skill level 10 in Spellcasting
 28158 | D:14     | Killed Rupert
 28158 | D:14     | Identified Sif Muna's Collected Works on Enthralling Heat
                  | (Sif Muna gifted it to you on level 14 of the Dungeon)
 28158 | D:14     | Received a gift from Sif Muna
 28429 | D:14     | Found a large runed translucent door.
 28998 | D:14     | Found a large runed translucent door.
 28999 | D:14     | Found a large runed translucent door.
 29001 | D:14     | Found a large runed translucent door.
 29002 | D:14     | Found a large runed translucent door.
 29553 | D:14     | Noticed a frost giant
 29668 | D:14     | Found a large runed translucent door.
 29732 | D:14     | Found a large runed translucent door.
 29762 | D:15     | Entered Level 15 of the Dungeon
 30092 | D:15     | Found a runed translucent door.
 30163 | D:15     | Identified Dyssaq's Handbook of Earth and Poisoning (Sif
                  | Muna gifted it to you on level 15 of the Dungeon)
 30163 | D:15     | Received a gift from Sif Muna
 30978 | D:15     | Found Syck's Antique Weapon Boutique.
 31332 | D:15     | Upgraded the game from 0.26-a0-858-gbf766624f9 to
                  | 0.26-a0-863-g3bff4b215c
 31366 | D:15     | Found a staircase to the Depths.
 31583 | Spider:1 | Entered Level 1 of the Spider Nest
 31590 | Spider:1 | Reached XP level 17. HP: 126/126 MP: 25/34
 31594 | Spider:1 | Noticed Frances
 31597 | Spider:1 | Killed Frances
 32190 | Spider:1 | Identified the +10 whip of Superiority {pain, rC- Str+6
                  | Int+3} (You found it on level 1 of the Spider Nest)
 32324 | Spider:1 | Reached skill level 15 in Spellcasting
 32380 | Spider:1 | Reached skill level 20 in Ice Magic
 33036 | Spider:2 | Noticed Arachne
 33043 | Spider:2 | Killed Arachne
 33679 | Spider:2 | Noticed Asterion
 33685 | Spider:2 | Killed Asterion
 34029 | Spider:2 | Found a runed translucent door.
 34029 | Spider:2 | Found a shimmering altar of Xom.
 34029 | Spider:2 | Noticed Oxemneri's ghost (adept OgTm)
 34050 | Spider:2 | Reached skill level 21 in Ice Magic
 34050 | Spider:2 | Killed Oxemneri's ghost
 34051 | Spider:2 | Reached XP level 18. HP: 133/133 MP: 35/37
 34148 | Spider:2 | Noticed Roxanne
 34154 | Spider:2 | Killed Roxanne
 34804 | Spider:3 | Slain by a ghost moth

Illustrated notes

Levels and vault maps discovered:
D:1:      scummos_arrival_hexagon, layout_basic
D:2:      layout_basic, lemuel_doored_altar
D:3:      layout_basic, tgw_sif, old_standard_altar, uniq_crazy_yiuf_cottage
D:4:      cheibrodos_greedy_goblins, layout_loops_ring,
          eat_drink_and_be_merry_uskayaw, okawaru_trees_2, gammafunk_ghost_icy,
          serial_shops, kennysheep_little_box, makhleb_altar_promises_db
D:5:      layout_basic, zin_academy, minmay_temple_entry_junction,
          ebering_ghost_disaster_area, uniq_edmund, uniq_ijyb, uniq_menkaure
D:6:      layout_basic, general_overflow_altar, kennysheep_vampire_church,
          basic_altar, uniq_sigmund, uniq_prince_ribbit1, uniq_grinder
D:7:      layout_gridville, fedhas_altar_fruit_tree, kennysheep_mini_moat,
          lemuel_round_altar, old_standard_altar, enter_ossuary_3
D:8:      layout_basic, nicolae_overflow_hidden_temple,
          nicolae_overflow_crystal_walls, special_room [special_room_orc]
D:9:      minmay_octagon_keep, layout_basic, grunt_ministairs_9,
          minmay_unpleasant_kobolds
D:10:     layout_roguey, gammafunk_ghost_spectres, nemelex_diamond_rough_becter
D:11:     layout_roguey, minmay_lair_entry_grove, orc_0_dummy, special_room
          [special_room_orc], hangedman_pestilent_swarm
D:12:     hangedman_cross_cluster, layout_basic, serial_shops, kennysheep_mini,
          dk_vineyard_1, uniq_snorg
D:13:     layout_roguey, uniq_josephine, uniq_kirke
D:14:     minmay_five_octagons, layout_irregular_city, david_vaults_3,
          minmay_variable_closet, minmay_misc_feat_tower
D:15:     grunt_enter_depths_hoard, layout_basic, serial_shops, shop,
          st_stairs_7, minmay_crystal_box
Temple:   corrupted_temple
Lair:1:   layout_regular_city
Lair:2:   layout_gridlike, zaba_anthole
Lair:3:   layout_hall_layers, nicolae_spider_entry_tight_spaces,
          grunt_forest_small_clearings
Lair:4:   layout_cave_pods, minmay_shoals_entry_centaurs, basic_altar,
          minmay_lair_oklob_chamber
Lair:5:   wander_river, layout_misc_corridors, beast_lair_carwin_4
Lair:6:   hangedman_lair_tendril_chambers, layout_cave_pods,
          minmay_slime_entry_jelly_boxes, minmay_lair_oklob_items,
          lemuel_fruit_tree, serial_bayou_shore_b
Spider:1: layout_spider_delve, uniq_frances
Spider:2: layout_spider_delve, ebering_ghost_xom, uniq_roxanne, uniq_asterion,
          uniq_arachne
Spider:3: layout_spider_delve, drop_trap
Orc:1:    layout_caves, statue_in_the_mist_lemuel
Orc:2:    kennysheep_orc_mage_school, layout_caves,
          portal_ice_cave_demonic_guard, ebering_ghost_reflecting_pool

Skill      XL: |  1  2  3  4  5  6  7  8  9 10 11 12 13 14 15 16 17 |
---------------+----------------------------------------------------+-----
Ice Magic      | 5 6 8 12 15 18 19 21 | 21.4
Spellcasting   | 5 7 9 13 15 | 15.0
Shields        | 3 9 10 | 10.0
Fighting       | 9 |  9.5
Invocations    | 10 | 10.5
Dodging        | |  1.7
Stealth        | |  2.4

Action                   |  1- 3 |  4- 6 |  7- 9 | 10-12 | 13-15 | 16-18 || total
-------------------------+-------+-------+-------+-------+-------+-------++-------
Melee: Unarmed           |     5 |     1 |       |       |     6 |       ||    12
       Quarterstaff      |       |    19 |    68 |       |       |       ||    87
       Flail             |       |       |    51 |       |       |       ||    51
       Dagger            |       |       |    60 |   248 |       |       ||   308
       Staff             |       |       |       |    12 |    39 |    30 ||    81
       Demon whip        |       |       |       |       |       |     5 ||     5
Throw: Dart              |       |       |       |       |       |     1 ||     1
 Cast: Freeze            |    45 |    15 |    33 |    72 |    32 |       ||   197
       Frozen Ramparts   |     3 |    24 |    31 |    86 |    18 |       ||   162
       Ozocubu's Armour  |       |     1 |    39 |    65 |    19 |     7 ||   131
       Summon Ice Beast  |       |       |       |     3 |    39 |    15 ||    57
       Ozocubu's Refrige |       |       |       |       |   267 |   236 ||   503
       Absolute Zero     |       |       |       |       |       |     3 ||     3
Invok: Channel Magic     |       |       |       |       |    13 |    19 ||    32
 Abil: Dig               |       |       |       |     2 |     5 |     2 ||     9
Evoke: Wand              |       |       |     7 |       |       |    14 ||    21
  Use: Scroll            |       |    11 |     5 |     9 |     5 |     8 ||    38
       Potion            |       |       |     1 |     1 |       |     3 ||     5
 Stab: Sleeping          |       |       |     5 |     1 |       |       ||     6
Armor: Robe              |     6 |     8 |   121 |    75 |     4 |       ||   214
       Leather armour    |       |       |       |       |    28 |    44 ||    72
Dodge: Dodged            |    18 |    38 |   188 |   134 |    54 |    88 ||   520
Block: Kite shield       |       |       |     4 |   189 |    73 |    86 ||   352
       Reflection        |       |       |       |       |     1 |     2 ||     3

Table legend: (Time is in decaauts)
 A = Elapsed time spent in this place.
 B = Non-inter-level travel time spent in this place.
 C = Inter-level travel time spent in this place.
 D = Time resting spent in this place.
 E = Time spent auto-exploring this place.
 F = Levels seen in this place.
 G = Mean time per level.
                   A        B        C        D        E       F      G
               +--------+--------+--------+--------+--------+-----+--------+
         Total |  34917 |  33762 |   1155 |  11269 |  15930 |  28 | 1247.0 |
       Dungeon |  21109 |  20458 |    651 |   6778 |   9563 |  15 | 1407.3 |
        Temple |     78 |     72 |      6 |     24 |      0 |   1 |   78.0 |
          Lair |   7505 |   7191 |    314 |   2125 |   3814 |   6 | 1250.8 |
   Spider Nest |   3236 |   3170 |     66 |   1508 |   1225 |   3 | 1078.7 |
  Orcish Mines |   1904 |   1788 |    116 |     95 |   1327 |   2 |  952.0 |
       Ossuary |   1082 |   1082 |      0 |    739 |      0 |   1 | 1082.0 |
               +--------+--------+--------+--------+--------+-----+--------+

Top non-repeatable levels by time:
     D:5: 2065 daAuts
     D:3: 2010 daAuts
    D:15: 1720 daAuts
Spider:1: 1720 daAuts
    D:13: 1636 daAuts
  Lair:6: 1632 daAuts
    D:14: 1617 daAuts
     D:9: 1616 daAuts
    D:11: 1525 daAuts
     D:1: 1463 daAuts
  Lair:3: 1358 daAuts
    D:12: 1289 daAuts
  Lair:2: 1279 daAuts
  Lair:1: 1249 daAuts
     D:4: 1187 daAuts
